 Dungeon Crawl Stone Soup version 0.28-a0-1152-g9c71ebef14 (webtiles) character file.

Game seed: 7588799295983554799

94920 freelancePsychic the Marksdemonspawn (level 15, -18/127 HPs)
             Began as a Demonspawn Hunter on Dec 15, 2021.
             Was a High Priest of Fedhas.
             Killed by an exploding ballistomycete spore (27 damage)
             ... set off by their pet
             ... on level 15 of the Dungeon.
             The game lasted 01:01:20 (34770 turns).

freelancePsychic the Marksdemonspawn (DsHu)        Turns: 34770, Time: 01:01:20

Health: -18/127    AC: 25    Str: 20    XL:     15   Next: 64%
Magic:  0/25       EV: 23    Int: 17    God:    Fedhas [*****.]
Gold:   2258       SH:  0    Dex: 21    Spells: 14/14 levels left

rFire   + . .      SeeInvis +   r - +7 longbow of Action {flame, Fragile Int+5 Dex+4}
rCold   + . .      Faith    .   (shield currently unavailable)
rNeg    . . .      Spirit   +   M - +0 plate armour
rPois   .          Reflect  .   (helmet restricted)
rElec   .          Harm     .   S - +2 cloak {rCorr}
rCorr   +          Rampage  .   u - +2 pair of gloves {Dex+3}
Will    +....                   w - +0 pair of boots
Stlth   ..........              j - amulet of the acrobat
HPRegen 0.31/turn               g - ring of protection from cold
MPRegen 0.38/turn               e - ring of see invisible

@: confused, acrobatic, studying Summonings
A: antennae 2, molten scales 3, demonic guardian 1, magic shield, magic
regeneration
a: Renounce Religion, Wall of Briars, Grow Ballistomycete, Overgrow, Grow Oklob


You were on level 15 of the Dungeon.
You worshipped Fedhas.
Fedhas was extremely pleased with you.
You visited 4 branches of the dungeon, and saw 24 of its levels.

You collected 2445 gold pieces.
You spent 187 gold pieces at shops.

Inventory:

Hand Weapons
 a - the +11 shortbow of Disembowelment {freeze, rPois Int+3}
   (You found it on level 9 of the Dungeon)

   Any ammunition fired from it freezes those it strikes, dealing additional
   cold damage.
   It can also slow down cold-blooded creatures.
   Int:       It affects your intelligence (+3).
   rPois:     It protects you from poison.
 b - the +4 great mace of Filigreed Tenacity {vorpal, rF++ rC+}
   (You found it on level 4 of the Dungeon)

   It inflicts extra damage upon your enemies.
   rF:        It greatly protects you from fire.
   rC:        It protects you from cold.
 r - the +7 longbow of Action (weapon) {flame, Fragile Int+5 Dex+4}
   (You acquired it on level 6 of the Lair of Beasts)

   Any ammunition fired from it burns those it strikes, dealing additional fire
   damage.
   Int:       It affects your intelligence (+5).
   Dex:       It affects your dexterity (+4).
   Fragile:   It will be destroyed if unequipped.
 H - a +1 hunting sling
 Q - a +2 vorpal longbow
Missiles
 d - 136 sling bullets
 h - 8 javelins
 n - 17 boomerangs
 s - 91 poisoned darts
 I - 483 arrows (quivered ammo)
 W - 5 throwing nets
Armour
 u - a +2 pair of gloves of dexterity (worn)
 w - a +0 pair of boots (worn)
 M - a +0 plate armour (worn)
 S - a +2 cloak of preservation (worn)
Jewellery
 e - a ring of see invisible (right hand)
 g - a ring of protection from cold (left hand)
 j - an amulet of the acrobat (around neck)
 E - a ring of magical power
 F - a ring of flight
Wands
 t - a wand of acid (3)
 v - a wand of mindburst (6)
 y - a wand of iceblast (21)
 G - a wand of flame (16)
 K - a wand of digging (13)
 L - a wand of paralysis (9)
 Z - a wand of charming (3)
Scrolls
 c - 5 scrolls of enchant armour
 i - 2 scrolls of vulnerability
 k - 4 scrolls of magic mapping
 m - a scroll of fog {unknown}
 p - 5 scrolls of teleportation {@r4}
 B - a scroll of brand weapon
 R - a scroll of holy word
 T - 6 scrolls of immolation {unknown}
 U - 2 scrolls of blinking {unknown}
 X - 3 scrolls of summoning {unknown}
Potions
 f - 6 potions of ambrosia
 l - 4 potions of mutation
 o - 3 potions of might {unknown}
 q - a potion of cancellation {unknown}
 x - 3 potions of heal wounds {@q2}
 z - 4 potions of haste {unknown}
 A - 3 potions of magic {unknown}
 C - 4 potions of lignification
 D - 3 potions of berserk rage
 J - a potion of flight
 N - a potion of brilliance
 O - 2 potions of invisibility
 P - 7 potions of curing {@q1}
 V - 4 potions of attraction {unknown}
Miscellaneous
 Y - a condenser vane


   Skills:
 + Level 14.6 Fighting
 - Level 0.9 Short Blades
 - Level 7.9 Maces & Flails
 - Level 5.0(5.1) Slings
 * Level 16.4 Bows
 - Level 1.6(3.5) Throwing
 + Level 7.1 Armour
 - Level 4.5 Dodging
 - Level 0.8 Stealth
 + Level 13.8 Invocations


You had 14 spell levels left.
You didn't know any spells.
Your spell library contained the following spells:

 Spells                   Type           Power      Damage    Failure   Level
 Sandblast                Erth           0%         2d4       99%         1
 Blink                    Tloc           0%         N/A       100%        2
 Passwall                 Tmut/Erth      0%         N/A       100%        2
 Dazzling Flash           Conj/Hex       0%         N/A       100%        3
 Ignite Poison            Fire/Tmut/Pois 0%         N/A       100%        3
 Inner Flame              Hex/Fire       0%         N/A       100%        3
 Lesser Beckoning         Tloc           0%         N/A       100%        3
 Mephitic Cloud           Conj/Pois/Air  0%         N/A       100%        3
 Stone Arrow              Conj/Erth      0%         3d7       100%        3
 Animate Dead             Necr           0%         N/A       100%        4
 Cause Fear               Hex            0%         N/A       100%        4
 Hailstorm                Conj/Ice       0%         3d3       100%        4
 Ice Form                 Ice/Tmut       0%         N/A       100%        4
 Agony                    Necr           0%         N/A       100%        5
 Borgnjor's Vile Clutch   Necr/Erth      0%         N/A       100%        5
 Fireball                 Conj/Fire      0%         3d3       100%        5
 Freezing Cloud           Conj/Ice/Air   0%         6-21      100%        5
 Manifold Assault         Tloc           0%         N/A       100%        5
 Silence                  Hex/Air        0%         N/A       100%        5
 Death Channel            Necr           0%         N/A       100%        6
 Simulacrum               Ice/Necr       0%         N/A       100%        6
 Starburst                Conj/Fire      0%         6d3       100%        6
 Discord                  Hex            0%         N/A       100%        8
 Ignition                 Fire           0%         3d3       100%        8


Dungeon Overview and Level Annotations

Branches:
Dungeon (15/15)            Temple (1/1) D:5            Lair (6/6) D:8
 Shoals (0/4) Lair:2       Spider (0/4) Lair:4        Slime (0/5) Lair:5
    Orc (2/2) D:11            Elf (0/3) Orc:2        Vaults (0/5) D:14
 Depths: D:15

Altars:
Ashenzari
Cheibriados
Dithmenos
Elyvilon
Fedhas
Gozag
Kikubaaqudgha
Makhleb
Nemelex Xobeh
Okawaru
Qazlal
Ru
Sif Muna
Trog
Uskayaw
Vehumet
Wu Jian
Xom
Yredelemnul
Zin
The Shining One
Beogh
Jiyva

Shops:
D:3 (   Orc:2 *:[(

Annotations:
D:2 Sigmund
D:3 3 runed translucent doors, gimp's ghost, amateur TeWn
D:14 1 runed translucent door, Zutz's ghost, journeyman TrMo
Lair:3 2 transporters, axecop's ghost, journeyman DsAK
Lair:5 2 transporters, Muulud's ghost, journeyman SpBe


Innate Abilities, Weirdness & Mutations

You have a pair of antennae on your head.
You are completely covered in molten scales. (AC +4, rF+)
A weak demonic guardian rushes to your aid.
When hurt, damage is shared between your health and your magic reserves.
You regenerate magic rapidly.


Message History

Fire: 483 arrows
Press: ? - help, Q - select action, (/) - cycle Shift-Dir - straight line, f/p - ettin
Aim: an ettin, wielding two +0 dire flails (severely wounded, soul bound, ally target, 89% to hit)
Okay, then.
Your ballistomycete spore explodes!
The explosion of spores engulfs you.
You are confused.
* * * LOW HITPOINT WARNING * * *
The ettin appears confused.
The explosion of spores engulfs the ettin!!
You kill the ettin!
Fedhas appreciates your contribution to the ecosystem.
The necromancer appears confused.
The explosion of spores engulfs the necromancer!!
The necromancer is severely wounded.
A freezing mist starts to gather...
You hear a shout! x2
An ettin simulacrum comes into view.
You bump into the rock wall.
Unknown command.
You feel better. The ettin simulacrum hits you!
* * * LOW HITPOINT WARNING * * *
The ettin simulacrum freezes you! You resist.
* * * LOW HITPOINT WARNING * * *
The ettin simulacrum hits you.
* * * LOW HITPOINT WARNING * * *
A demonic guardian appears!
The ettin simulacrum freezes you! You resist.
* * * LOW HITPOINT WARNING * * *
A ballistomycete spore comes into view.
Okay, then.
A ballistomycete spore comes into view.
Things that are here:
a +0 dire flail; a +0 dire flail Your ballistomycete spore explodes!
The explosion of spores engulfs the ettin simulacrum!!!
The ettin simulacrum vaporises!
The explosion of spores engulfs you!!
You are confused.
You die...
Fedhas appreciates your contribution to the ecosystem.

#............#......
###............#).....
......................
......................
#######'###########...
#...# #... #○p.# #.##
#).4# #.## #@..# #...
#..P# #... #*###
####... #)' #......
((#. #...... (.#.##
#..#... ..(#.##.
#..##..
..##.....####..###.
### ...........#.##


You could see a necromancer (confused, ally target), a friendly ice devil
(summoned), a friendly ballistomycete (summoned) and a friendly ballistomycete
spore.

Vanquished Creatures
  Saint Roka (Orc:2)
  An orc warlord (Orc:1)
  An ettin (D:15)
  A great orb of eyes (D:14)
  Harold (Lair:1)
  A vault guard (D:14)
  11 hydras
  4 boulder beetles
  2 catoblepae
  5 centaur warriors
  A death knight (D:14)
  13 death yaks
  2 tengu warriors
  An orc high priest (Orc:2)
  A deep troll shaman (Lair:6)
  Sonja (Lair:5)
  Nergalle (Orc:2)
  A skeletal warrior (D:14)
  A deep elf archer (D:14)
  2 deep elf pyromancers (D:14)
  An orb spider (Lair:4)
  2 orc knights
  An orb spider (shapeshifter) (D:13)
  2 ugly things
  A faun (D:12)
  3 orc sorcerers
  3 manticores
  7 cyclopes
  A guardian serpent (shapeshifter) (D:14)
  8 black mambas
  14 elephants
  Maggie (D:6)
  2 gargoyles (D:12)
  14 cane toads
  A kobold demonologist (D:13)
  2 unseen horrors
  5 rime drakes
  2 freezing wraiths (D:14)
  An efreet (D:14)
  4 tengu conjurers
  11 komodo dragons
  6 polar bears
  3 trolls
  Prince Ribbit (D:9)
  13 blink frogs
  8 dream sheep
  4 slime creatures (D:14)
  A shadow (D:9)
  3 wyverns
  2 wraiths
  50 yaks
  Grum (Lair:1)
  9 humans (D:14)
  17 vampire mosquitoes
  6 basilisks
  An acid dragon (D:12)
  17 water moccasins
  24 orc warriors
  An ice beast (D:6)
  A sky beast (D:7)
  4 black bears
  8 ogres
  17 wolves
  A boggart (D:14)
  18 centaurs
  4 kobold brigands
  3 phantoms
  15 bullfrogs
  4 scorpions
  A water moccasin zombie (D:6)
  4 earth elementals (D:9)
  4 wights (D:7)
  9 killer bees
  2 electric eels
  3 howler monkeys (D:11)
  7 centaur zombies
  5 hounds
  21 orc priests
  A centaur skeleton (D:7)
  A bullfrog skeleton (D:6)
  2 iguanas
  Ijyb (D:4)
  3 hell rats (Lair:1)
  21 orc wizards
  A killer bee zombie (D:6)
  2 hound skeletons
  3 howler monkey zombies
  6 adders
  A howler monkey skeleton (D:6)
  5 gnolls
  2 white imps
  4 ufetubi
  2 worms
  5 dart slugs
  50 orcs
  8 endoplasms
  4 giant cockroaches
  5 goblins
  6 hobgoblins
  4 jackals (D:3)
  27 kobolds
  6 quokkas
  8 ball pythons
  6 bats
  3 frilled lizards
  5 rats
  3 ballistomycete spores
  A fire vortex (Lair:4)
632 creatures vanquished.

Vanquished Creatures (collateral kills)
  A two-headed ogre (D:11)
  A death yak (Lair:3)
  An orc knight (Orc:2)
  A polar bear (Lair:6)
  A slime creature (D:14)
  2 dream sheep (Lair:5)
  A yak (D:12)
  2 steam dragons
  A water moccasin (Lair:5)
  3 orc warriors
  2 wolves
  A phantom (D:6)
  An orc wizard (Orc:2)
  A hell rat (Lair:1)
  4 orcs
  57 ballistomycete spores
80 creatures vanquished.

Vanquished Creatures (others)
  2 vault guards (D:14)
  An orc wizard (D:7)
  A hobgoblin (D:2)
  A ball python (D:2)
  6 ballistomycete spores
  29 fungi
  68 plants
108 creatures vanquished.

Grand Total: 820 creatures vanquished

Notes
Turn   | Place    | Note
-------+----------+-------------------------------------------
     0 | D:1      | freelancePsychic the Demonspawn Hunter began the quest for
                  | the Orb.
     0 | D:1      | Reached XP level 1. HP: 16/16 MP: 1/1
    80 | D:1      | Gained mutation: You are partially covered in molten
                  | scales. (AC +2) [demonic ancestry]
    80 | D:1      | Reached XP level 2. HP: 23/23 MP: 2/2
   520 | D:2      | Reached XP level 3. HP: 28/28 MP: 3/3
  1728 | D:2      | Noticed Sigmund
  1775 | D:2      | Reached XP level 4. HP: 35/35 MP: 4/4
  2630 | D:3      | Noticed a bullfrog
  2642 | D:3      | Killed a bullfrog
  2643 | D:3      | Reached XP level 5. HP: 36/42 MP: 5/5
  2858 | D:3      | Found Ciunips's Weapon Shoppe.
  3218 | D:3      | Reached skill level 5 in Slings
  3330 | D:3      | Found a runed translucent gate.
  3331 | D:3      | Found a runed translucent gate.
  3332 | D:3      | Found a runed translucent gate.
  3335 | D:3      | Noticed gimp's ghost (amateur TeWn)
  3580 | D:4      | Reached skill level 1 in Armour
  3580 | D:4      | Reached XP level 6. HP: 49/49 MP: 6/6
  3594 | D:4      | Reached skill level 5 in Fighting
  3645 | D:4      | Identified the +4 great mace of Filigreed Tenacity {vorpal,
                  | rF++ rC+}
  3773 | D:4      | Found a burning altar of Makhleb.
  3780 | D:4      | Found an ancient bone altar of Kikubaaqudgha.
  3838 | D:4      | Noticed an orc warrior
  3988 | D:4      | Killed an orc warrior
  4008 | D:4      | Gained mutation: A weak demonic guardian rushes to your
                  | aid. [demonic ancestry]
  4008 | D:4      | Reached XP level 7. HP: 51/56 MP: 7/7
  4475 | D:5      | Entered Level 5 of the Dungeon
  4482 | D:5      | Noticed Ijyb
  4506 | D:4      | Killed Ijyb
  4907 | D:5      | Reached skill level 1 in Throwing
  5132 | D:5      | Found a staircase to the Ecumenical Temple.
  5143 | Temple   | Entered the Ecumenical Temple
  5191 | Temple   | Became a worshipper of Fedhas Madash
  5769 | D:6      | Reached skill level 1 in Invocations
  5910 | D:6      | Gained mutation: You regenerate magic rapidly. [demonic
                  | ancestry]
  5910 | D:6      | Reached XP level 8. HP: 46/64 MP: 9/9
  6385 | D:6      | Noticed Maggie
  6432 | D:6      | Reached skill level 5 in Maces & Flails
  6505 | D:6      | Noticed a gargoyle
  6556 | D:6      | Reached * piety under Fedhas
  7537 | D:7      | Gained mutation: You have a pair of small antennae on your
                  | head. [demonic ancestry]
  7537 | D:7      | Reached XP level 9. HP: 44/72 MP: 12/12
  7744 | D:7      | Reached skill level 5 in Invocations
  8722 | D:7      | Reached ** piety under Fedhas
  9294 | D:8      | Found a staircase to the Lair.
 10641 | D:9      | Identified the +11 shortbow of Disembowelment {freeze,
                  | rPois Int+3}
 10737 | D:6      | Killed Maggie
 10738 | D:6      | Reached skill level 1 in Bows
 11226 | D:9      | Reached XP level 10. HP: 80/80 MP: 15/15
 11234 | D:9      | Reached skill level 2 in Bows
 11319 | D:9      | Noticed Prince Ribbit
 11338 | D:9      | Killed Prince Ribbit
 11900 | D:9      | Reached skill level 3 in Bows
 12367 | D:10     | Entered Level 10 of the Dungeon
 12523 | D:10     | Reached skill level 4 in Bows
 12784 | D:10     | Noticed a purple ugly thing
 12827 | D:10     | Killed a purple ugly thing
 12828 | D:10     | Reached skill level 5 in Bows
 14149 | D:9      | Reached skill level 6 in Bows
 14846 | D:11     | Noticed a cyclops
 14853 | D:11     | Killed a cyclops
 15083 | D:11     | Found a staircase to the Orcish Mines.
 15688 | D:11     | Reached skill level 7 in Bows
 15688 | D:11     | Gained mutation: You are mostly covered in molten scales.
                  | (AC +3) [demonic ancestry]
 15688 | D:11     | Reached XP level 11. HP: 90/90 MP: 16/16
 15890 | D:11     | Noticed a two-headed ogre
 15897 | D:11     | Killed a two-headed ogre
 15898 | D:11     | Reached skill level 10 in Fighting
 16239 | Lair:1   | Entered Level 1 of the Lair of Beasts
 16303 | Lair:1   | Reached skill level 8 in Bows
 16467 | Lair:1   | Reached *** piety under Fedhas
 17044 | Lair:1   | Noticed Harold
 17059 | Lair:1   | Killed Harold
 17060 | Lair:1   | Reached skill level 9 in Bows
 17433 | Lair:1   | Noticed Grum
 17441 | Lair:1   | Killed Grum
 17721 | Lair:2   | Noticed a seven-headed hydra
 17745 | Lair:1   | HP: 1/92 [seven-headed hydra (11)]
 18642 | Lair:2   | Reached skill level 10 in Bows
 18659 | Lair:2   | Reached XP level 12. HP: 48/100 MP: 14/18
 19372 | Lair:2   | Reached **** piety under Fedhas
 19378 | Lair:2   | Identified the +0 pair of gloves of Alier {-Tele rC++ rCorr
                  | Str+3}
 19571 | Lair:2   | Found a staircase to the Shoals.
 19820 | Lair:3   | Noticed axecop's ghost (journeyman DsAK)
 19836 | Lair:3   | Found a transporter.
 19841 | Lair:3   | Found a transporter.
 19914 | Lair:3   | Reached skill level 11 in Bows
 20325 | Lair:3   | Noticed a four-headed hydra
 20328 | Lair:3   | Noticed a six-headed hydra
 20334 | Lair:3   | Noticed a four-headed hydra
 20353 | Lair:3   | Killed a six-headed hydra
 20354 | Lair:3   | Reached skill level 10 in Invocations
 20366 | Lair:3   | Noticed a death yak
 20628 | Lair:3   | Killed a four-headed hydra
 20763 | Lair:3   | Killed a death yak
 21201 | Lair:3   | Killed a four-headed hydra
 21701 | Lair:4   | Reached skill level 12 in Bows
 21812 | Lair:4   | Gained mutation: When hurt, damage is shared between your
                  | health and your magic reserves. [demonic ancestry]
 21812 | Lair:4   | Reached XP level 13. HP: 109/109 MP: 21/21
 22461 | Lair:4   | Reached skill level 13 in Bows
 22748 | Lair:4   | Found a hole to the Spider Nest.
 23836 | Lair:5   | Found a viscous altar of Jiyva.
 23836 | Lair:5   | Found a staircase to the Slime Pits.
 23914 | Lair:5   | Noticed Muulud's ghost (journeyman SpBe)
 23919 | Lair:5   | Found a transporter.
 23924 | Lair:5   | Found a bloodstained altar of Trog.
 23945 | Lair:5   | Found a transporter.
 24004 | Lair:5   | Noticed Sonja
 24008 | Lair:5   | Killed Sonja
 24212 | Lair:6   | Entered Level 6 of the Lair of Beasts
 24248 | Lair:6   | Gained mutation: You have a pair of antennae on your head.
                  | [demonic ancestry]
 24248 | Lair:6   | Reached XP level 14. HP: 108/118 MP: 20/23
 24251 | Lair:6   | Reached skill level 14 in Bows
 24815 | Lair:6   | Identified a scroll of acquirement
 24816 | Lair:6   | Acquired the +7 longbow of Action {flame, Fragile Int+5
                  | Dex+4}
 27668 | D:12     | Identified the +5 morningstar "Dyqol" {flame, rElec rPois
                  | Str+3 Dex+3}
 28377 | D:13     | Reached skill level 5 in Armour
 28381 | D:13     | Reached skill level 15 in Bows
 29849 | Orc:1    | Entered Level 1 of the Orcish Mines
 29854 | Orc:1    | Reached ***** piety under Fedhas
 29866 | Orc:1    | Paralysed by an orc sorcerer for 4 turns
 29872 | Orc:1    | Gained mutation: You are completely covered in molten
                  | scales. (AC +4, rF+) [demonic ancestry]
 29872 | Orc:1    | Reached XP level 15. HP: 93/127 MP: 19/24
 30156 | Orc:2    | Entered Level 2 of the Orcish Mines
 30256 | Orc:2    | Noticed an orc warlord
 30276 | Orc:2    | Noticed Saint Roka
 30502 | Orc:1    | Killed an orc warlord
 31184 | Orc:2    | Killed Saint Roka
 31347 | Orc:2    | Found a staircase to the Elven Halls.
 31426 | Orc:2    | Noticed Nergalle
 31437 | Orc:2    | Killed Nergalle
 31495 | Orc:2    | Found Meapsoby's Antique Weapon Shoppe.
 31502 | Orc:2    | Found Uzatt's Book Shoppe.
 31512 | Orc:2    | Found Dylek's Antique Armour Shoppe.
 31617 | Orc:2    | Found Oluhul's General Store.
 31672 | Orc:2    | Bought an embroidered cloak for 187 gold pieces
 32483 | D:14     | Reached skill level 16 in Bows
 32493 | D:14     | Identified the +2 great sword "Keloikh" {freeze, rElec
                  | rPois Dex-4 Stlth+}
 32631 | D:14     | Found a gate to the Vaults.
 33735 | D:14     | Found a runed translucent door.
 33736 | D:14     | Found a shimmering altar of Xom.
 33736 | D:14     | Noticed Zutz's ghost (journeyman TrMo)
 34213 | D:15     | Entered Level 15 of the Dungeon
 34770 | D:15     | Killed by an exploding ballistomycete spore... set off by
                  | their pet

Illustrated notes

Levels and vault maps discovered:
D:1:      tarquinn_simple_flora_water_f, layout_rooms
D:2:      layout_loops_ring, minmay_joined_circles, uniq_sigmund
D:3:      layout_loops_ring, gammafunk_ghost_necromancy, serial_shops, shop
D:4:      layout_cave_pods, amethyst_overflow_temple_binary
D:5:      layout_rooms, minmay_temple_entry_statues_fountains, uniq_ijyb
D:6:      minmay_clustersquares, layout_basic, uniq_maggie
D:7:      layout_loops_cross, hangedman_decor_growths, minmay_door_square
D:8:      layout_loops_corners, lair_entry_dummy
D:9:      layout_long_grid, old_standard_altar, lemuel_doored_altar,
          uniq_prince_ribbit1
D:10:     minmay_stone_box, layout_loops_ring, serial_glass, glass_columns_b,
          glass_columns_c
D:11:     layout_grid_maze, orc_0_dummy
D:12:     layout_rooms, centaur_isle
D:13:     layout_loops_ring
D:14:     minmay_swirls_squares, layout_basic, ximxim_vaults_locker_room,
          ebering_ghost_xom, minmay_misc_feat_rugged, special_room
          [special_room_orc], zin_treasury
D:15:     hangedman_depths_entry_civil_slaughter, layout_stronghold,
          grunt_decor_arrowhead
Temple:   hc_temple_tempest_star
Lair:1:   layout_roguey, grunt_megastairs_2, serial_bayou_shore_b, uniq_grum,
          uniq_harold
Lair:2:   layout_regular_city, minmay_shoals_entry_centaurs,
          serial_bayou_shore_b, grunt_megastairs_4, lemuel_fruit_fields,
          serial_bayou_shore_a
Lair:3:   layout_gridlike, gammafunk_ghost_hive, nzn_random_ring
Lair:4:   layout_gridlike, nicolae_spider_entry_orb_guardian,
          grunt_megastairs_1, infiniplex_staircase_pool_2
Lair:5:   layout_regular_city, dpeg_slime_entry_enclosed_altar,
          gammafunk_ghost_wrathful_warriors, fungi_pond_lemuel, minivault_23,
          uniq_sonja
Lair:6:   grunt_lair_end_beastmaster, layout_cave_shapes
Orc:1:    layout_caves, nicolae_shop_gadgets
Orc:2:    grunt_orc_cross, layout_diamond_mine, uniq_saint_roka

Skill      XL: |  1  2  3  4  5  6  7  8  9 10 11 12 13 14 15 |
---------------+----------------------------------------------+-----
Slings         | 4 5 |  5.0
Fighting       | 3 4 5 6 7 8 9 11 12 13 14 | 14.6
Armour         | 1 2 5 7 |  7.1
Maces & Flails | 2 4 6 7 |  7.9
Throwing       | 1 |  1.6
Invocations    | 1 4 7 8 11 12 13 | 13.8
Bows           | 1 7 10 12 13 15 16 | 16.4
Dodging        | 2 4 |  4.5
Short Blades   | |  0.9
Stealth        | |  0.8

Action                   |  1- 3 |  4- 6 |  7- 9 | 10-12 | 13-15 || total
-------------------------+-------+-------+-------+-------+-------++-------
Melee: Short sword       |    53 |       |       |       |       ||    53
       Dagger            |    32 |       |       |       |       ||    32
       Long sword        |       |    22 |     4 |       |       ||    26
       Great mace        |       |       |    90 |    91 |       ||   181
 Fire: Hunting sling     |    81 |   139 |   352 |       |       ||   572
       Shortbow          |       |       |     6 |   546 |   444 ||   996
       Longbow           |       |       |       |       |   610 ||   610
Throw: Dart              |       |    14 |    46 |    13 |       ||    73
       Boomerang         |       |       |     4 |       |       ||     4
       Javelin           |       |       |     3 |       |       ||     3
Invok: Wall of Briars    |       |       |     4 |     8 |    12 ||    24
       Grow Ballistomyce |       |       |       |     3 |    14 ||    17
       Grow Oklob        |       |       |       |       |     1 ||     1
Evoke: Wand              |       |       |       |       |     3 ||     3
  Use: Scroll            |     2 |     2 |     1 |     8 |    15 ||    28
       Potion            |     2 |       |     2 |       |     3 ||     7
 Stab: Invisible         |       |       |     1 |       |       ||     1
Armor: Leather armour    |    42 |     6 |       |       |       ||    48
       Ring mail         |       |    42 |    90 |       |       ||   132
       Scale mail        |       |       |    93 |   133 |    42 ||   268
       Plate armour      |       |       |       |       |   132 ||   132
Dodge: Dodged            |    65 |    42 |   207 |   142 |   144 ||   600

Table legend: (Time is in decaauts)
 A = Elapsed time spent in this place.
 B = Non-inter-level travel time spent in this place.
 C = Inter-level travel time spent in this place.
 D = Time resting spent in this place.
 E = Time spent auto-exploring this place.
 F = Levels seen in this place.
 G = Mean time per level.
                   A        B        C        D        E       F      G
               +--------+--------+--------+--------+--------+-----+--------+
         Total |  34627 |  32455 |   2172 |   2404 |  25056 |  24 | 1442.8 |
       Dungeon |  22547 |  20816 |   1731 |   1111 |  16551 |  15 | 1503.1 |
        Temple |    169 |    157 |     12 |      0 |    134 |   1 |  169.0 |
          Lair |   9556 |   9215 |    341 |    823 |   6991 |   6 | 1592.7 |
  Orcish Mines |   2354 |   2268 |     86 |    470 |   1380 |   2 | 1177.0 |
               +--------+--------+--------+--------+--------+-----+--------+

Top non-repeatable levels by time:
     D:9: 2486 daAuts
    D:14: 2314 daAuts
     D:6: 2147 daAuts
  Lair:1: 2019 daAuts
  Lair:2: 1849 daAuts
     D:2: 1839 daAuts
     D:7: 1789 daAuts
     D:8: 1712 daAuts
  Lair:3: 1708 daAuts
     D:4: 1673 daAuts
    D:11: 1497 daAuts
  Lair:6: 1445 daAuts
    D:13: 1399 daAuts
  Lair:4: 1344 daAuts
    D:10: 1330 daAuts
